Login

Riots vs Warheads

Created - October 22, 2023 at 12:42

Goals
1 2 3 T
Riots 0 2 2 4
Warheads 0 0 2 2
Shots
1 2 3 T
Riots 12 20 9 41
Warheads 6 5 27 38

GoalsPenalties
1st period
No Goal
No Penalty
2nd period
1. Riots , Cole Caufield 1 (Jonathan Huberdeau 2, Velyki Hospador 3) at 8:50 (PP)
2. Riots , Brandon Hagel 1 (Noah Dobson 1) at 19:29
David Kampf (WAR) for Tripping (Minor) at 8:18
Derek Forbort (RIV) for Tripping (Minor) at 10:54
Jeremy Lauzon (WAR) for High sticking (Minor) at 15:37
3rd period
3. Warheads , Radek Faksa 1 (Mitchell Marner 1, Nicolas Roy 3) at 1:19
4. Riots , Velyki Hospador 3 (Derek Forbort 3, Artturi Lehkonen 4) at 4:16
5. Riots , Cole Caufield 2 (Velyki Hospador 4, Seth Jones 1) at 7:46 (PP)
6. Warheads , Ilya Mikheyev 2 (Jani Hakanpaa 2, Jeff Carter 1) at 8:36
Brock Knuckledunker (WAR) for Boarding (Minor) at 7:15
Conor Garland (RIV) for Hooking (Minor) at 18:16
Goalie Stats
Marc-Andre Fleury (RIV), 36 saves from 38 shots - (0.947), W, 3-0-0, 60:00 minutes
Logan Thompson (WAR), 37 saves from 41 shots - (0.902), L, 1-2-0, 60:00 minutes
3 StarsOfficial
1 - Cole Caufield (RIV)
2 - Velyki Hospador (RIV)
3 - Marc-Andre Fleury (RIV)
Referees : Unknown
Linesman : Unknown
Game Note
No Game Note
Finance
Level 1 -- Attendance: 4510 (75.17%) -- Ticket Income $451,000
Level 2 -- Attendance: 4071 (81.42%) -- Ticket Income $244,260
Level 3 -- Attendance: 1673 (83.65%) -- Ticket Income $58,555
Level 4 -- Attendance: 3273 (81.83%) -- Ticket Income $81,825
Luxury Box -- Attendance: 950 (95.00%) -- Ticket Income $190,000
Game was played at the COS Torwar.
Total Attendance: 14477 (80.43%)
Total Ticket Income: $1,025,640
Other Income: $410,256
Total Income: $1,435,896



Team Name Goals Shots Shots Attemp Shots Blocked PIM HIT PP PK FO%
Riots 44183104262 / 3 (67%)039%
Warheads 23870206230 / 2 (0%)261%

Riots
Player Name POS G A P +/- PIM HIT SHT SB MP PP MP PP SHT PK MP PK SHT FO% FOT GA TA
Andreas AthanasiouC/LW/RW0000011114:180:0000:0000% 010
Artturi LehkonenLW/RW0110013018:181:5311:59050% 200
Brandon HagelLW1011023016:551:0900:4600% 000
Brendan GallagherRW000-100209:240:0000:0000% 000
Cole CaufieldRW2021019016:091:0920:0000% 101
Conor GarlandLW/RW0000212014:400:0000:2300% 001
Derek ForbortD0110251124:290:0000:5300% 001
Jakob ChychrunD000-1020117:170:5501:3700% 000
Jakob SilfverbergRW000000001:110:0000:0000% 000
Jonathan HuberdeauC/LW0110010115:321:0900:0000% 300
Kirby DachC0001035018:441:5301:40040% 1500
Lars EllerC/LW000-1011310:200:0000:48050% 1000
Neal PionkD000-1020117:250:5501:4500% 000
Nicklas BackstromC0000021114:540:0000:36044% 910
Noah DobsonD0111010018:132:0701:0400% 000
Seth JonesD0110013027:412:0702:0500% 000
Tyson BarrieD0001000115:020:0000:0000% 000
Velyki HospadorC/LW123-10210025:441:5311:12138% 2640
Warheads
Player Name POS G A P +/- PIM HIT SHT SB MP PP MP PP SHT PK MP PK SHT FO% FOT GA TA
Brock KnuckledunkerC/LW0000224018:101:5701:21055% 2200
Cam FowlerD000-1000013:220:0000:0000% 001
Damon SeversonD000001129:080:0000:3000% 000
David KampfC/LW000120109:280:0000:0000% 000
Ilya MikheyevLW/RW1010023015:300:2100:280100% 232
Jacob MiddletonD0001022318:161:2400:3600% 000
Jake WalmanD000-1000514:150:0000:5300% 000
Jani HakanpaaD0110021427:272:1802:1100% 000
Jeff CarterC/RW0110031014:120:0000:0000% 100
Jeremy LauzonD0000222218:202:1801:0300% 001
John MarinoD0001000119:111:2400:5100% 000
Lawson CrouseLW/RW0000000316:501:5700:0000% 201
Lucas RaymondRW000-1013017:351:4200:5110% 000
Lukas ReichelLW/RW000-1020016:191:4200:000100% 100
Mitchell MarnerRW01110211025:521:1401:52060% 500
Nicolas RoyC/LW/RW0110023015:160:2800:00064% 1400
Radek FaksaC/LW1011003010:260:0000:41078% 900
Robert ThomasC/RW000-1023017:181:4500:51060% 1001

Riots

5 vs 5 Forward
Line #Left WingCenterRight WingPHYDFOFWanted %Time %Time Play
1Jonathan HuberdeauVelyki HospadorArtturi Lehkonen1223027%14:26
2Brandon HagelKirby DachCole Caufield1222828%15:08
3Conor GarlandNicklas BackstromAndreas Athanasiou1222627%14:18
4Velyki HospadorLars EllerBrendan Gallagher1221618%9:24
5 vs 5 Defense
Line #DefenseDefensePHYDFOFWanted %Time %Time Play
1Derek ForbortSeth Jones1223030%15:53
2Neal PionkJakob Chychrun1222828%14:45
3Tyson BarrieNoah Dobson1222628%15:02
4Derek ForbortSeth Jones1221614%7:36
Power Play Forward
Line #Left WingCenterRight WingPHYDFOFWanted %Time %Time Play
1Velyki HospadorKirby DachArtturi Lehkonen1225562%1:53
2Brandon HagelJonathan HuberdeauCole Caufield1224538%1:09
Power Play Defense
Line #DefenseDefensePHYDFOFWanted %Time %Time Play
1Noah DobsonSeth Jones1225570%2:07
2Neal PionkJakob Chychrun1224530%0:55
Penalty Kill 4 Players Forward
Line #CenterWingPHYDFOFWanted %Time %Time Play
1Velyki HospadorArtturi Lehkonen1225581%2:59
2Lars EllerKirby Dach1224519%0:43
Penalty Kill 4 Players Defense
Line #DefenseDefensePHYDFOFWanted %Time %Time Play
1Derek ForbortSeth Jones1225556%2:05
2Neal PionkJakob Chychrun1224544%1:37
Penalty Kill 3 Players
Line #WingPHYDFOFWanted %Time %Time PlayDefenseDefensePHYDFOFWanted %Time %Time Play
1Velyki Hospador122550%0:00 Derek ForbortSeth Jones122550%0:00
2Artturi Lehkonen122450%0:00 Neal PionkJakob Chychrun122450%0:00
4 vs 4 Forward
Line #CenterWingPHYDFOFWanted %Time %Time Play
1Velyki HospadorArtturi Lehkonen122550%0:00
2Cole CaufieldKirby Dach122450%0:00
4 vs 4 Defense
Line #DefensePHYDFOFWanted %Time %Time Play
1Derek ForbortSeth Jones122550%0:00
2Neal PionkJakob Chychrun122450%0:00
Last Minutes Offensive
Left WingCenterRight WingDefenseDefense
Velyki HospadorKirby DachArtturi LehkonenDerek ForbortSeth Jones
Last Minutes Defensive
Left WingCenterRight WingDefenseDefense
Velyki HospadorKirby DachArtturi LehkonenDerek ForbortSeth Jones
Time
Total ForwardTotal DefenseLast Minutes OffensiveLast Minutes Defensive
60:00 60:00 0:000:00
Extra Forwards
Normal PowerPlayPenalty Kill
Jakob Silfverberg, Nicklas Backstrom, Conor GarlandJakob Silfverberg, Nicklas BackstromConor Garland
Extra Defensemen
Normal PowerPlayPenalty Kill
Tyson Barrie, Noah Dobson, Neal PionkTyson Barrie, Noah DobsonNeal Pionk
Penalty Shots
Velyki Hospador, Artturi Lehkonen, Cole Caufield, Kirby Dach, Brandon Hagel
Goalie
Marc-Andre Fleury, Kevin Lankinen
Custom OT Lines Forwards
Velyki Hospador, Artturi Lehkonen, Cole Caufield, Kirby Dach, Brandon Hagel, Jonathan Huberdeau, Nicklas Backstrom, Conor Garland, Andreas Athanasiou, Lars Eller
Custom OT Lines Defensemen
Derek Forbort, Seth Jones, Neal Pionk, Jakob Chychrun, Tyson Barrie
Scratches
Rasmus Kupari (Healthy)

Warheads

5 vs 5 Forward
Line #Left WingCenterRight WingPHYDFOFWanted %Time %Time Play
1Lawson CrouseBrock KnuckledunkerMitchell Marner1223028%14:53
2Lukas ReichelRobert ThomasLucas Raymond1222828%14:42
3Ilya MikheyevNicolas RoyJeff Carter1222627%14:12
4David KampfRadek FaksaMitchell Marner1221618%9:29
5 vs 5 Defense
Line #DefenseDefensePHYDFOFWanted %Time %Time Play
1Jani HakanpaaJeremy Lauzon1223029%15:40
2Jacob MiddletonJohn Marino1222831%16:16
3Cam FowlerJake Walman1222625%13:22
4Damon SeversonJani Hakanpaa1221615%7:58
Power Play Forward
Line #Left WingCenterRight WingPHYDFOFWanted %Time %Time Play
1Lawson CrouseBrock KnuckledunkerMitchell Marner1225553%1:57
2Lukas ReichelRobert ThomasLucas Raymond1224547%1:45
Power Play Defense
Line #DefenseDefensePHYDFOFWanted %Time %Time Play
1Jani HakanpaaJeremy Lauzon1225562%2:18
2Jacob MiddletonJohn Marino1224538%1:24
Penalty Kill 4 Players Forward
Line #CenterWingPHYDFOFWanted %Time %Time Play
1Mitchell MarnerBrock Knuckledunker1225572%2:11
2Robert ThomasLucas Raymond1224528%0:51
Penalty Kill 4 Players Defense
Line #DefenseDefensePHYDFOFWanted %Time %Time Play
1Jani HakanpaaJeremy Lauzon1225580%2:26
2Jacob MiddletonJohn Marino1224520%0:36
Penalty Kill 3 Players
Line #WingPHYDFOFWanted %Time %Time PlayDefenseDefensePHYDFOFWanted %Time %Time Play
1Mitchell Marner122550%0:00 Jani HakanpaaJeremy Lauzon122550%0:00
2Brock Knuckledunker122450%0:00 Jacob MiddletonJohn Marino122450%0:00
4 vs 4 Forward
Line #CenterWingPHYDFOFWanted %Time %Time Play
1Mitchell MarnerBrock Knuckledunker122550%0:00
2Robert ThomasLucas Raymond122450%0:00
4 vs 4 Defense
Line #DefensePHYDFOFWanted %Time %Time Play
1Jani HakanpaaJeremy Lauzon122550%0:00
2Jacob MiddletonJohn Marino122450%0:00
Last Minutes Offensive
Left WingCenterRight WingDefenseDefense
Lawson CrouseBrock KnuckledunkerMitchell MarnerJani HakanpaaJeremy Lauzon
Last Minutes Defensive
Left WingCenterRight WingDefenseDefense
Lawson CrouseBrock KnuckledunkerMitchell MarnerJani HakanpaaJeremy Lauzon
Time
Total ForwardTotal DefenseLast Minutes OffensiveLast Minutes Defensive
60:00 60:00 0:000:00
Extra Forwards
Normal PowerPlayPenalty Kill
Nicolas Roy, Ilya Mikheyev, Radek FaksaNicolas Roy, Ilya MikheyevRadek Faksa
Extra Defensemen
Normal PowerPlayPenalty Kill
Cam Fowler, Jake Walman, Damon SeversonCam Fowler, Jake WalmanDamon Severson
Penalty Shots
Mitchell Marner, Brock Knuckledunker, Robert Thomas, Lucas Raymond, Lawson Crouse
Goalie
Logan Thompson, Adin Hill
Custom OT Lines Forwards
Mitchell Marner, Brock Knuckledunker, Robert Thomas, Lucas Raymond, Lawson Crouse, Lukas Reichel, Nicolas Roy, Ilya Mikheyev, Radek Faksa, David Kampf
Custom OT Lines Defensemen
Jani Hakanpaa, Jeremy Lauzon, Jacob Middleton, John Marino, Cam Fowler
Scratches
John Klingberg (Healthy), Jordan Greenway (Healthy)


Play-by-Play

1st period


0:01 of 1st period - Velyki Hospador wins face-off versus Brock Knuckledunker in neutral zone.
0:04 of 1st period - Brock Knuckledunker is hit by Derek Forbort and loses puck.
0:34 of 1st period - Backhand shot by Lucas Raymond.
0:34 of 1st period - Deflect By Lukas Reichel.
0:34 of 1st period - Shot Misses the Net.
0:34 of 1st period - Puck is out of play.
0:35 of 1st period - Nicolas Roy wins face-off versus Nicklas Backstrom in Riots zone.
0:46 of 1st period - Slapshot by Ilya Mikheyev.
0:46 of 1st period - Shot Misses the Net.
0:48 of 1st period - Slapshot by Jacob Middleton.
0:48 of 1st period - Shot Blocked by Jakob Chychrun.
0:50 of 1st period - Wrist shot by Nicolas Roy.
0:50 of 1st period - Stopped by Marc-Andre Fleury without a rebound.
0:51 of 1st period - Radek Faksa wins face-off versus Lars Eller in Riots zone.
1:06 of 1st period - Snap shot by Velyki Hospador.
1:06 of 1st period - Shot Blocked by Jake Walman.
1:23 of 1st period - Slapshot by Cole Caufield.
1:23 of 1st period - Stopped by Logan Thompson with a rebound.
1:41 of 1st period - Nicolas Roy is hit by Derek Forbort and loses puck.
2:07 of 1st period - Wrist shot by Mitchell Marner.
2:07 of 1st period - Stopped by Marc-Andre Fleury without a rebound.
2:08 of 1st period - Brock Knuckledunker wins face-off versus Velyki Hospador in Riots zone.
2:21 of 1st period - Wrist shot by Artturi Lehkonen.
2:21 of 1st period - Shot Misses the Net.
2:23 of 1st period - Snap shot by Velyki Hospador.
2:23 of 1st period - Shot Misses the Net.
2:25 of 1st period - Snap shot by Jonathan Huberdeau.
2:25 of 1st period - Shot Misses the Net.
2:45 of 1st period - Wrist shot by Cole Caufield.
2:45 of 1st period - Stopped by Logan Thompson without a rebound.
2:46 of 1st period - Nicolas Roy wins face-off versus Velyki Hospador in Warheads zone.
2:55 of 1st period - Snap shot by Ilya Mikheyev.
2:55 of 1st period - Stopped by Marc-Andre Fleury with a rebound.
3:11 of 1st period - Seth Jones is hit by Jacob Middleton and loses puck.
3:36 of 1st period - Lucas Raymond is hit by Kirby Dach and loses puck.
3:41 of 1st period - Wrist shot by Brandon Hagel.
3:41 of 1st period - Shot Misses the Net.
3:43 of 1st period - Slapshot by Seth Jones.
3:43 of 1st period - Deflect By Cam Fowler.
3:43 of 1st period - Stopped by Logan Thompson with a rebound.
4:57 of 1st period - Wrist shot by Cole Caufield.
4:57 of 1st period - Shot Misses the Net.
5:30 of 1st period - Jake Walman is hit by Jakob Chychrun and loses puck.
5:45 of 1st period - Wrist shot by Brendan Gallagher.
5:45 of 1st period - Stopped by Logan Thompson with a rebound.
5:55 of 1st period - Derek Forbort is hit by Ilya Mikheyev and loses puck.
6:29 of 1st period - David Kampf is hit by Neal Pionk and loses puck.
7:23 of 1st period - Tyson Barrie is hit by Lukas Reichel and loses puck.
7:36 of 1st period - Brandon Hagel is hit by Brock Knuckledunker and loses puck.
7:49 of 1st period - Radek Faksa is hit by Seth Jones and loses puck.
8:11 of 1st period - Lawson Crouse is hit by Brandon Hagel and loses puck.
8:22 of 1st period - Lawson Crouse is hit by Velyki Hospador and loses puck.
10:28 of 1st period - Brendan Gallagher is hit by Jani Hakanpaa and loses puck.
11:01 of 1st period - Icing by Jacob Middleton.
11:02 of 1st period - Velyki Hospador wins face-off versus Robert Thomas in Warheads zone.
11:03 of 1st period - Wrist shot by Jonathan Huberdeau.
11:03 of 1st period - Shot Blocked by Jacob Middleton.
11:11 of 1st period - Artturi Lehkonen is hit by Jacob Middleton and loses puck.
11:26 of 1st period - John Marino is hit by Neal Pionk and loses puck.
11:35 of 1st period - Slapshot by Cole Caufield.
11:35 of 1st period - Stopped by Logan Thompson with a rebound.
11:51 of 1st period - Backhand shot by Andreas Athanasiou.
11:51 of 1st period - Deflect By Conor Garland.
11:51 of 1st period - Stopped by Logan Thompson with a rebound.
12:41 of 1st period - Jeff Carter is hit by Velyki Hospador and loses puck.
13:16 of 1st period - Wrist shot by Radek Faksa.
13:16 of 1st period - Shot Misses the Net.
13:36 of 1st period - Snap shot by Cole Caufield.
13:36 of 1st period - Deflect By Kirby Dach.
13:36 of 1st period - Stopped by Logan Thompson without a rebound.
13:37 of 1st period - Robert Thomas wins face-off versus Kirby Dach in Warheads zone.
13:46 of 1st period - Off-side.
13:47 of 1st period - Robert Thomas wins face-off versus Kirby Dach in neutral zone.
14:16 of 1st period - Slapshot by Kirby Dach.
14:16 of 1st period - Stopped by Logan Thompson without a rebound.
14:17 of 1st period - Velyki Hospador wins face-off versus Brock Knuckledunker in Warheads zone.
14:18 of 1st period - Slapshot by Artturi Lehkonen.
14:18 of 1st period - Shot Misses the Net.
14:20 of 1st period - Wrist shot by Jakob Chychrun.
14:20 of 1st period - Shot Blocked by Lawson Crouse.
14:22 of 1st period - Slapshot by Jakob Chychrun.
14:22 of 1st period - Shot Misses the Net.
14:24 of 1st period - Slapshot by Velyki Hospador.
14:24 of 1st period - Stopped by Logan Thompson with a rebound.
14:26 of 1st period - Snap shot by Artturi Lehkonen.
14:26 of 1st period - Shot Misses the Net.
14:28 of 1st period - Wrist shot by Velyki Hospador.
14:28 of 1st period - Stopped by Logan Thompson with a rebound.
14:30 of 1st period - Snap shot by Jonathan Huberdeau.
14:30 of 1st period - Shot Blocked by Jani Hakanpaa.
14:32 of 1st period - Slapshot by Neal Pionk.
14:32 of 1st period - Shot Misses the Net.
14:34 of 1st period - Slapshot by Jakob Chychrun.
14:34 of 1st period - Shot Misses the Net.
14:44 of 1st period - Conor Garland is hit by Jeremy Lauzon and loses puck.
15:07 of 1st period - Slapshot by Kirby Dach.
15:07 of 1st period - Stopped by Logan Thompson with a rebound.
15:28 of 1st period - Radek Faksa is hit by Derek Forbort and loses puck.
15:33 of 1st period - Slapshot by Artturi Lehkonen.
15:33 of 1st period - Shot Misses the Net.
15:35 of 1st period - Wrist shot by Derek Forbort.
15:35 of 1st period - Stopped by Logan Thompson with a rebound.
15:37 of 1st period - Slapshot by Velyki Hospador.
15:37 of 1st period - Shot Blocked by Jake Walman.
15:47 of 1st period - Tyson Barrie is hit by Nicolas Roy and loses puck.
16:44 of 1st period - Snap shot by Lars Eller.
16:44 of 1st period - Shot Misses the Net.
17:18 of 1st period - Wrist shot by Robert Thomas.
17:18 of 1st period - Stopped by Marc-Andre Fleury without a rebound.
17:19 of 1st period - Robert Thomas wins face-off versus Kirby Dach in Riots zone.
17:50 of 1st period - Icing by Robert Thomas.
17:51 of 1st period - Velyki Hospador wins face-off versus Robert Thomas in Warheads zone.
18:08 of 1st period - Snap shot by Robert Thomas.
18:08 of 1st period - Stopped by Marc-Andre Fleury without a rebound.
18:09 of 1st period - Nicklas Backstrom wins face-off versus Brock Knuckledunker in Riots zone.
18:16 of 1st period - Wrist shot by Mitchell Marner.
18:16 of 1st period - Shot Misses the Net.
18:28 of 1st period - Lawson Crouse is hit by Conor Garland and loses puck.
18:39 of 1st period - Slapshot by Brandon Hagel.
18:39 of 1st period - Shot Blocked by John Marino.
18:53 of 1st period - Icing by Mitchell Marner.
18:54 of 1st period - Brock Knuckledunker wins face-off versus Jonathan Huberdeau in Warheads zone.
19:03 of 1st period - Snap shot by Brock Knuckledunker.
19:03 of 1st period - Stopped by Marc-Andre Fleury with a rebound.
19:49 of 1st period - Snap shot by Lucas Raymond.
19:49 of 1st period - Shot Misses the Net.
19:51 of 1st period - Wrist shot by Jeremy Lauzon.
19:51 of 1st period - Shot Blocked by Neal Pionk.
19:53 of 1st period - Snap shot by Lukas Reichel.
19:53 of 1st period - Shot Misses the Net.
Goals for this period are 0 for Riots vs 0 for Warheads.
Shots for this period are 12 for Riots vs 6 for Warheads.

2nd period


0:01 of 2nd period - Velyki Hospador wins face-off versus Brock Knuckledunker in neutral zone.
0:06 of 2nd period - Wrist shot by Artturi Lehkonen.
0:06 of 2nd period - Shot Blocked by Jani Hakanpaa.
0:08 of 2nd period - Slapshot by Seth Jones.
0:08 of 2nd period - Shot Blocked by Damon Severson.
0:32 of 2nd period - Wrist shot by Nicklas Backstrom.
0:32 of 2nd period - Deflect By Conor Garland.
0:32 of 2nd period - Stopped by Logan Thompson with a rebound.
0:34 of 2nd period - Backhand shot by Andreas Athanasiou.
0:34 of 2nd period - Shot Blocked by Lawson Crouse.
0:38 of 2nd period - Wrist shot by Conor Garland.
0:38 of 2nd period - Shot Misses the Net.
1:19 of 2nd period - Slapshot by Jonathan Huberdeau.
1:19 of 2nd period - Shot Blocked by Jani Hakanpaa.
1:31 of 2nd period - Snap shot by Mitchell Marner.
1:31 of 2nd period - Stopped by Marc-Andre Fleury with a rebound.
1:43 of 2nd period - Snap shot by Nicolas Roy.
1:43 of 2nd period - Stopped by Marc-Andre Fleury with a rebound.
1:57 of 2nd period - Wrist shot by Cole Caufield.
1:57 of 2nd period - Stopped by Logan Thompson without a rebound.
1:58 of 2nd period - Kirby Dach wins face-off versus Robert Thomas in Warheads zone.
2:01 of 2nd period - Slapshot by Cole Caufield.
2:01 of 2nd period - Stopped by Logan Thompson without a rebound.
2:02 of 2nd period - Radek Faksa wins face-off versus Velyki Hospador in Warheads zone.
2:13 of 2nd period - Snap shot by Mitchell Marner.
2:13 of 2nd period - Shot Misses the Net.
2:35 of 2nd period - Kirby Dach is hit by Jeff Carter and loses puck.
3:48 of 2nd period - Icing by Jake Walman.
3:49 of 2nd period - Radek Faksa wins face-off versus Kirby Dach in Warheads zone.
3:49 of 2nd period - Radek Faksa is hit by Kirby Dach.
3:55 of 2nd period - Slapshot by Cole Caufield.
3:55 of 2nd period - Shot Misses the Net.
3:57 of 2nd period - Snap shot by Brandon Hagel.
3:57 of 2nd period - Shot Blocked by Jake Walman.
3:59 of 2nd period - Slapshot by Jakob Chychrun.
3:59 of 2nd period - Deflect By Kirby Dach.
3:59 of 2nd period - Shot Misses the Net.
3:59 of 2nd period - Puck is out of play.
4:00 of 2nd period - Artturi Lehkonen wins face-off versus Jeff Carter in Warheads zone.
4:15 of 2nd period - Snap shot by Velyki Hospador.
4:15 of 2nd period - Shot Blocked by Jeremy Lauzon.
4:36 of 2nd period - Snap shot by Mitchell Marner.
4:36 of 2nd period - Stopped by Marc-Andre Fleury without a rebound.
4:37 of 2nd period - Nicolas Roy wins face-off versus Velyki Hospador in Riots zone.
4:38 of 2nd period - Snap shot by Ilya Mikheyev.
4:38 of 2nd period - Deflect By Jeff Carter.
4:38 of 2nd period - Shot Misses the Net.
4:38 of 2nd period - Puck is out of play.
4:39 of 2nd period - Ilya Mikheyev wins face-off versus Velyki Hospador in Riots zone.
5:16 of 2nd period - Wrist shot by Velyki Hospador.
5:16 of 2nd period - Stopped by Logan Thompson without a rebound.
5:17 of 2nd period - Nicklas Backstrom wins face-off versus Brock Knuckledunker in Warheads zone.
5:20 of 2nd period - Slapshot by Andreas Athanasiou.
5:20 of 2nd period - Shot Blocked by Jake Walman.
5:34 of 2nd period - Slapshot by Mitchell Marner.
5:34 of 2nd period - Stopped by Marc-Andre Fleury without a rebound.
5:35 of 2nd period - Nicolas Roy wins face-off versus Lars Eller in Riots zone.
5:36 of 2nd period - Wrist shot by Ilya Mikheyev.
5:36 of 2nd period - Shot Misses the Net.
5:46 of 2nd period - Snap shot by Brendan Gallagher.
5:46 of 2nd period - Stopped by Logan Thompson without a rebound.
5:47 of 2nd period - Brock Knuckledunker wins face-off versus Velyki Hospador in Warheads zone.
5:47 of 2nd period - Brock Knuckledunker is hit by Jonathan Huberdeau.
6:01 of 2nd period - Slapshot by Artturi Lehkonen.
6:01 of 2nd period - Shot Misses the Net.
6:24 of 2nd period - Slapshot by Nicolas Roy.
6:24 of 2nd period - Shot Misses the Net.
6:38 of 2nd period - Nicklas Backstrom is hit by Lucas Raymond and loses puck.
7:32 of 2nd period - Backhand shot by Brandon Hagel.
7:32 of 2nd period - Shot Hit the Post.
7:34 of 2nd period - Slapshot by Cole Caufield.
7:34 of 2nd period - Stopped by Logan Thompson without a rebound.
7:35 of 2nd period - Kirby Dach wins face-off versus Brock Knuckledunker in Warheads zone.
7:43 of 2nd period - Snap shot by Brandon Hagel.
7:43 of 2nd period - Shot Blocked by Jacob Middleton.
7:45 of 2nd period - Slapshot by Brandon Hagel.
7:45 of 2nd period - Stopped by Logan Thompson without a rebound.
7:46 of 2nd period - Nicolas Roy wins face-off versus Velyki Hospador in Warheads zone.
7:57 of 2nd period - Snap shot by Artturi Lehkonen.
7:57 of 2nd period - Shot Blocked by Jeremy Lauzon.
7:59 of 2nd period - Snap shot by Velyki Hospador.
7:59 of 2nd period - Deflect By Artturi Lehkonen.
7:59 of 2nd period - Stopped by Logan Thompson without a rebound.
8:00 of 2nd period - Lars Eller wins face-off versus Brock Knuckledunker in Warheads zone.
8:03 of 2nd period - Slapshot by Seth Jones.
8:03 of 2nd period - Stopped by Logan Thompson with a rebound.
8:05 of 2nd period - Slapshot by Lars Eller.
8:05 of 2nd period - Shot Blocked by Lawson Crouse.
8:09 of 2nd period - Slapshot by Velyki Hospador.
8:09 of 2nd period - Stopped by Logan Thompson without a rebound.
8:10 of 2nd period - Velyki Hospador wins face-off versus Lawson Crouse in Warheads zone.
8:13 of 2nd period - Wrist shot by Velyki Hospador.
8:13 of 2nd period - Stopped by Logan Thompson without a rebound.
8:14 of 2nd period - Velyki Hospador wins face-off versus Radek Faksa in Warheads zone.
8:18 of 2nd period - Minor Penalty to David Kampf for Tripping.
8:19 of 2nd period - Kirby Dach wins face-off versus Brock Knuckledunker in Warheads zone.
8:21 of 2nd period - Snap shot by Artturi Lehkonen.
8:21 of 2nd period - Stopped by Logan Thompson without a rebound.
8:22 of 2nd period - Kirby Dach wins face-off versus Mitchell Marner in Warheads zone.
8:23 of 2nd period - Slapshot by Velyki Hospador.
8:23 of 2nd period - Stopped by Logan Thompson with a rebound.
8:29 of 2nd period - Seth Jones is hit by Jeremy Lauzon and loses puck.
8:50 of 2nd period - Snap shot by Cole Caufield.
8:50 of 2nd period - Goal by Cole Caufield - Riots : 1 - Warheads : 0.
8:51 of 2nd period - Brock Knuckledunker wins face-off versus Jonathan Huberdeau in neutral zone.
9:20 of 2nd period - Snap shot by Robert Thomas.
9:20 of 2nd period - Shot Misses the Net.
10:10 of 2nd period - Tyson Barrie is hit by Robert Thomas and loses puck.
10:37 of 2nd period - Wrist shot by Nicklas Backstrom.
10:37 of 2nd period - Deflect By Andreas Athanasiou.
10:37 of 2nd period - Stopped by Logan Thompson without a rebound.
10:38 of 2nd period - Nicolas Roy wins face-off versus Nicklas Backstrom in Warheads zone.
10:54 of 2nd period - Minor Penalty to Derek Forbort for Tripping.
10:55 of 2nd period - Velyki Hospador wins face-off versus Lawson Crouse in Riots zone.
11:05 of 2nd period - Wrist shot by Velyki Hospador.
11:05 of 2nd period - Stopped by Logan Thompson with a rebound.
11:07 of 2nd period - Wrist shot by Velyki Hospador.
11:07 of 2nd period - Shot Misses the Net.
12:12 of 2nd period - Brock Knuckledunker is hit by Kirby Dach and loses puck.
12:54 of 2nd period - Penalty to Derek Forbort is over, Derek Forbort is back on ice.
12:54 of 2nd period - Jakob Chychrun is hit by Jani Hakanpaa and loses puck.
13:21 of 2nd period - Snap shot by Kirby Dach.
13:21 of 2nd period - Shot Blocked by Jake Walman.
13:52 of 2nd period - Velyki Hospador is hit by Mitchell Marner and loses puck.
14:32 of 2nd period - Wrist shot by Seth Jones.
14:32 of 2nd period - Stopped by Logan Thompson without a rebound.
14:33 of 2nd period - Lars Eller wins face-off versus Radek Faksa in Warheads zone.
15:13 of 2nd period - Snap shot by Lucas Raymond.
15:13 of 2nd period - Shot Misses the Net.
15:27 of 2nd period - Wrist shot by Lars Eller.
15:27 of 2nd period - Stopped by Logan Thompson without a rebound.
15:28 of 2nd period - Nicolas Roy wins face-off versus Lars Eller in Warheads zone.
15:32 of 2nd period - Off-side.
15:33 of 2nd period - Lars Eller wins face-off versus Nicolas Roy in neutral zone.
15:37 of 2nd period - Minor Penalty to Jeremy Lauzon for High sticking.
15:38 of 2nd period - Mitchell Marner wins face-off versus Velyki Hospador in Warheads zone.
16:15 of 2nd period - Snap shot by Robert Thomas.
16:15 of 2nd period - Shot Misses the Net.
16:17 of 2nd period - Wrist shot by Lucas Raymond.
16:17 of 2nd period - Stopped by Marc-Andre Fleury with a rebound.
17:37 of 2nd period - Penalty to Jeremy Lauzon is over, Jeremy Lauzon is back on ice.
18:10 of 2nd period - Robert Thomas is hit by Lars Eller and loses puck.
18:27 of 2nd period - Snap shot by Mitchell Marner.
18:27 of 2nd period - Shot Hit the Post.
18:54 of 2nd period - Icing by Noah Dobson.
18:55 of 2nd period - Nicolas Roy wins face-off versus Artturi Lehkonen in Riots zone.
19:18 of 2nd period - Brandon Hagel is hit by Lukas Reichel.
19:27 of 2nd period - Slapshot by Brandon Hagel.
19:27 of 2nd period - Stopped by Logan Thompson with a rebound.
19:29 of 2nd period - Snap shot by Brandon Hagel.
19:29 of 2nd period - Goal by Brandon Hagel - Riots : 2 - Warheads : 0.
19:30 of 2nd period - Velyki Hospador wins face-off versus Mitchell Marner in neutral zone.
Goals for this period are 2 for Riots vs 0 for Warheads.
Shots for this period are 20 for Riots vs 5 for Warheads.

3rd period


0:01 of 3rd period - Brock Knuckledunker wins face-off versus Velyki Hospador in neutral zone.
0:06 of 3rd period - Wrist shot by Brock Knuckledunker.
0:06 of 3rd period - Stopped by Marc-Andre Fleury with a rebound.
0:26 of 3rd period - Lukas Reichel is hit by Brandon Hagel and loses puck.
0:55 of 3rd period - Jeff Carter is hit by Derek Forbort.
1:17 of 3rd period - Snap shot by Mitchell Marner.
1:17 of 3rd period - Stopped by Marc-Andre Fleury with a rebound.
1:19 of 3rd period - Wrist shot by Radek Faksa.
1:19 of 3rd period - Goal by Radek Faksa - Riots : 2 - Warheads : 1.
1:20 of 3rd period - Brock Knuckledunker wins face-off versus Velyki Hospador in neutral zone.
1:29 of 3rd period - Wrist shot by Brock Knuckledunker.
1:29 of 3rd period - Shot Misses the Net.
1:44 of 3rd period - Icing by Jani Hakanpaa.
1:45 of 3rd period - Robert Thomas wins face-off versus Kirby Dach in Warheads zone.
1:45 of 3rd period - Robert Thomas is hit by Derek Forbort.
1:55 of 3rd period - Slapshot by Lucas Raymond.
1:55 of 3rd period - Stopped by Marc-Andre Fleury with a rebound.
2:16 of 3rd period - Snap shot by Brock Knuckledunker.
2:16 of 3rd period - Shot Misses the Net.
2:22 of 3rd period - Slapshot by Artturi Lehkonen.
2:22 of 3rd period - Deflect By Velyki Hospador.
2:22 of 3rd period - Shot Misses the Net.
2:22 of 3rd period - Puck is out of play.
2:23 of 3rd period - Brock Knuckledunker wins face-off versus Nicklas Backstrom in Warheads zone.
2:36 of 3rd period - Wrist shot by Brock Knuckledunker.
2:36 of 3rd period - Stopped by Marc-Andre Fleury without a rebound.
2:37 of 3rd period - Brock Knuckledunker wins face-off versus Velyki Hospador in Riots zone.
2:40 of 3rd period - Snap shot by Mitchell Marner.
2:40 of 3rd period - Shot Misses the Net.
3:09 of 3rd period - Snap shot by Ilya Mikheyev.
3:09 of 3rd period - Stopped by Marc-Andre Fleury with a rebound.
3:11 of 3rd period - Snap shot by Jacob Middleton.
3:11 of 3rd period - Stopped by Marc-Andre Fleury with a rebound.
3:13 of 3rd period - Snap shot by Jeff Carter.
3:13 of 3rd period - Shot Blocked by Nicklas Backstrom.
4:14 of 3rd period - Snap shot by Artturi Lehkonen.
4:14 of 3rd period - Stopped by Logan Thompson with a rebound.
4:16 of 3rd period - Slapshot by Derek Forbort.
4:16 of 3rd period - Deflect By Velyki Hospador.
4:16 of 3rd period - Goal by Velyki Hospador - Riots : 3 - Warheads : 1.
4:17 of 3rd period - Brock Knuckledunker wins face-off versus Velyki Hospador in neutral zone.
4:26 of 3rd period - Wrist shot by Brock Knuckledunker.
4:26 of 3rd period - Shot Blocked by Jonathan Huberdeau.
4:28 of 3rd period - Slapshot by Jeremy Lauzon.
4:28 of 3rd period - Stopped by Marc-Andre Fleury with a rebound.
4:30 of 3rd period - Slapshot by Jeremy Lauzon.
4:30 of 3rd period - Stopped by Marc-Andre Fleury without a rebound.
4:31 of 3rd period - Brock Knuckledunker wins face-off versus Velyki Hospador in Riots zone.
5:47 of 3rd period - Slapshot by Mitchell Marner.
5:47 of 3rd period - Deflect By Brendan Gallagher.
5:47 of 3rd period - Stopped by Marc-Andre Fleury with a rebound.
5:49 of 3rd period - Slapshot by Damon Severson.
5:49 of 3rd period - Stopped by Marc-Andre Fleury with a rebound.
5:51 of 3rd period - Wrist shot by David Kampf.
5:51 of 3rd period - Stopped by Marc-Andre Fleury with a rebound.
6:23 of 3rd period - Wrist shot by Mitchell Marner.
6:23 of 3rd period - Deflect By Brock Knuckledunker.
6:23 of 3rd period - Shot Blocked by Andreas Athanasiou.
6:23 of 3rd period - Puck is out of play.
6:24 of 3rd period - Velyki Hospador wins face-off versus Nicolas Roy in Riots zone.
6:51 of 3rd period - Brandon Hagel is hit by Robert Thomas and loses puck.
7:00 of 3rd period - Slapshot by Cole Caufield.
7:00 of 3rd period - Stopped by Logan Thompson without a rebound.
7:01 of 3rd period - Mitchell Marner wins face-off versus Nicklas Backstrom in Warheads zone.
7:15 of 3rd period - Minor Penalty to Brock Knuckledunker for Boarding.
7:16 of 3rd period - Mitchell Marner wins face-off versus Kirby Dach in Warheads zone.
7:46 of 3rd period - Snap shot by Cole Caufield.
7:46 of 3rd period - Goal by Cole Caufield - Riots : 4 - Warheads : 1.
7:47 of 3rd period - Brock Knuckledunker wins face-off versus Jonathan Huberdeau in neutral zone.
8:05 of 3rd period - Icing by Jani Hakanpaa.
8:06 of 3rd period - Brock Knuckledunker wins face-off versus Kirby Dach in Warheads zone.
8:20 of 3rd period - Off-side.
8:21 of 3rd period - Nicolas Roy wins face-off versus Velyki Hospador in neutral zone.
8:24 of 3rd period - Snap shot by Jeff Carter.
8:24 of 3rd period - Shot Misses the Net.
8:26 of 3rd period - Snap shot by Jani Hakanpaa.
8:26 of 3rd period - Stopped by Marc-Andre Fleury with a rebound.
8:32 of 3rd period - Snap shot by Jeff Carter.
8:32 of 3rd period - Stopped by Marc-Andre Fleury with a rebound.
8:34 of 3rd period - Wrist shot by Jani Hakanpaa.
8:34 of 3rd period - Shot Blocked by Derek Forbort.
8:36 of 3rd period - Snap shot by Ilya Mikheyev.
8:36 of 3rd period - Goal by Ilya Mikheyev - Riots : 4 - Warheads : 2.
8:37 of 3rd period - Radek Faksa wins face-off versus Velyki Hospador in neutral zone.
9:04 of 3rd period - Kirby Dach is hit by Damon Severson and loses puck.
9:17 of 3rd period - Slapshot by Robert Thomas.
9:17 of 3rd period - Stopped by Marc-Andre Fleury with a rebound.
9:50 of 3rd period - Off-side.
9:51 of 3rd period - Lars Eller wins face-off versus Brock Knuckledunker in neutral zone.
10:03 of 3rd period - Brendan Gallagher is hit by Mitchell Marner.
10:07 of 3rd period - Snap shot by Brock Knuckledunker.
10:07 of 3rd period - Stopped by Marc-Andre Fleury with a rebound.
10:09 of 3rd period - Snap shot by Brock Knuckledunker.
10:09 of 3rd period - Shot Blocked by Lars Eller.
10:17 of 3rd period - Lars Eller is hit by Brock Knuckledunker and loses puck.
10:32 of 3rd period - Snap shot by Velyki Hospador.
10:32 of 3rd period - Deflect By Lars Eller.
10:32 of 3rd period - Shot Misses the Net.
10:32 of 3rd period - Puck is out of play.
10:33 of 3rd period - Lukas Reichel wins face-off versus Cole Caufield in Warheads zone.
10:46 of 3rd period - Slapshot by Lucas Raymond.
10:46 of 3rd period - Stopped by Marc-Andre Fleury without a rebound.
10:47 of 3rd period - Nicklas Backstrom wins face-off versus Nicolas Roy in Riots zone.
10:47 of 3rd period - Nicklas Backstrom is hit by Ilya Mikheyev.
10:53 of 3rd period - Jeff Carter is hit by Jakob Chychrun and loses puck.
11:00 of 3rd period - Wrist shot by Conor Garland.
11:00 of 3rd period - Shot Misses the Net.
11:02 of 3rd period - Slapshot by Jakob Chychrun.
11:02 of 3rd period - Shot Blocked by Jani Hakanpaa.
11:35 of 3rd period - Wrist shot by Kirby Dach.
11:35 of 3rd period - Stopped by Logan Thompson without a rebound.
11:36 of 3rd period - Radek Faksa wins face-off versus Kirby Dach in Warheads zone.
12:02 of 3rd period - Snap shot by Brandon Hagel.
12:02 of 3rd period - Shot Blocked by Jacob Middleton.
12:20 of 3rd period - Wrist shot by Mitchell Marner.
12:20 of 3rd period - Stopped by Marc-Andre Fleury without a rebound.
12:21 of 3rd period - Robert Thomas wins face-off versus Velyki Hospador in Riots zone.
12:48 of 3rd period - Cam Fowler is hit by Andreas Athanasiou and loses puck.
13:19 of 3rd period - Snap shot by Velyki Hospador.
13:19 of 3rd period - Stopped by Logan Thompson with a rebound.
13:21 of 3rd period - Snap shot by Lars Eller.
13:21 of 3rd period - Deflect By Velyki Hospador.
13:21 of 3rd period - Stopped by Logan Thompson without a rebound.
13:22 of 3rd period - Robert Thomas wins face-off versus Kirby Dach in Warheads zone.
13:22 of 3rd period - Robert Thomas is hit by Cole Caufield.
13:48 of 3rd period - Ilya Mikheyev is hit by Artturi Lehkonen.
14:18 of 3rd period - Snap shot by Mitchell Marner.
14:18 of 3rd period - Stopped by Marc-Andre Fleury with a rebound.
14:27 of 3rd period - Icing by Brock Knuckledunker.
14:28 of 3rd period - Lars Eller wins face-off versus Brock Knuckledunker in Warheads zone.
14:45 of 3rd period - Snap shot by Velyki Hospador.
14:45 of 3rd period - Shot Blocked by Damon Severson.
14:55 of 3rd period - Lucas Raymond is hit by Nicklas Backstrom and loses puck.
15:02 of 3rd period - Snap shot by Nicklas Backstrom.
15:02 of 3rd period - Stopped by Logan Thompson with a rebound.
15:20 of 3rd period - Wrist shot by Kirby Dach.
15:20 of 3rd period - Stopped by Logan Thompson without a rebound.
15:21 of 3rd period - Kirby Dach wins face-off versus Nicolas Roy in Warheads zone.
15:22 of 3rd period - Wrist shot by Brandon Hagel.
15:22 of 3rd period - Shot Misses the Net.
15:28 of 3rd period - Brandon Hagel is hit by Jeff Carter and loses puck.
15:35 of 3rd period - Slapshot by Ilya Mikheyev.
15:35 of 3rd period - Shot Misses the Net.
15:37 of 3rd period - Wrist shot by Nicolas Roy.
15:37 of 3rd period - Stopped by Marc-Andre Fleury without a rebound.
15:38 of 3rd period - Radek Faksa wins face-off versus Lars Eller in Riots zone.
15:39 of 3rd period - Snap shot by Mitchell Marner.
15:39 of 3rd period - Shot Misses the Net.
15:49 of 3rd period - Wrist shot by Radek Faksa.
15:49 of 3rd period - Stopped by Marc-Andre Fleury with a rebound.
15:51 of 3rd period - Snap shot by Radek Faksa.
15:51 of 3rd period - Stopped by Marc-Andre Fleury without a rebound.
15:52 of 3rd period - Ilya Mikheyev wins face-off versus Nicklas Backstrom in Riots zone.
16:25 of 3rd period - Icing by David Kampf.
16:26 of 3rd period - Radek Faksa wins face-off versus Lars Eller in Warheads zone.
16:26 of 3rd period - Radek Faksa is hit by Noah Dobson.
17:50 of 3rd period - Slapshot by Radek Faksa.
17:50 of 3rd period - Shot Blocked by Lars Eller.
17:52 of 3rd period - Snap shot by Jacob Middleton.
17:52 of 3rd period - Deflect By Mitchell Marner.
17:52 of 3rd period - Stopped by Marc-Andre Fleury with a rebound.
17:54 of 3rd period - Backhand shot by Jacob Middleton.
17:54 of 3rd period - Shot Blocked by Tyson Barrie.
17:56 of 3rd period - Snap shot by Radek Faksa.
17:56 of 3rd period - Shot Misses the Net.
17:58 of 3rd period - Snap shot by Mitchell Marner.
17:58 of 3rd period - Stopped by Marc-Andre Fleury with a rebound.
18:00 of 3rd period - Backhand shot by Jacob Middleton.
18:00 of 3rd period - Stopped by Marc-Andre Fleury with a rebound.
18:02 of 3rd period - Slapshot by Jacob Middleton.
18:02 of 3rd period - Shot Misses the Net.
18:04 of 3rd period - Slapshot by Jacob Middleton.
18:04 of 3rd period - Shot Blocked by Lars Eller.
18:12 of 3rd period - Snap shot by Mitchell Marner.
18:12 of 3rd period - Stopped by Marc-Andre Fleury without a rebound.
18:13 of 3rd period - Nicklas Backstrom wins face-off versus Nicolas Roy in Riots zone.
18:13 of 3rd period - Nicklas Backstrom is hit by Jeff Carter.
18:16 of 3rd period - Minor Penalty to Conor Garland for Hooking.
18:17 of 3rd period - Kirby Dach wins face-off versus Robert Thomas in Riots zone.
19:01 of 3rd period - Neal Pionk is hit by Nicolas Roy.
19:28 of 3rd period - Brock Knuckledunker is hit by Nicklas Backstrom and loses puck.
Goals for this period are 2 for Riots vs 2 for Warheads.
Shots for this period are 9 for Riots vs 27 for Warheads.